 Dungeon Crawl Stone Soup version 0.25.0 (webtiles) character file.

Game seed: 12571616854216175650

25918 dorian the Severer (level 13, -9/86 HPs)
             Began as a Gargoyle Fighter on June 12, 2020.
             Was an Elder of Wu Jian.
             Mangled by Rupert
             ... wielding a +8 great mace of protection
              (28 damage)
             ... on level 13 of the Dungeon.
             The game lasted 00:30:06 (13730 turns).

dorian the Severer (Gargoyle Fighter)              Turns: 13730, Time: 00:30:07

Health: -9/86      AC: 30    Str: 24    XL:     13   Next: 22%
Magic:  13/13      EV:  5    Int: 15    God:    Wu Jian [****..]
Gold:   578        SH: 11    Dex: 10    Spells: 12/12 levels left

rFire    . . .     SeeInvis .   r - +4 flail (protect)
rCold    . . .     Gourm    .   c - +1 kite shield
rNeg     + . .     Faith    .   x - +0 plate armour
rPois    ∞         Spirit   .   e - +2 helmet
rElec    +         Reflect  .   p - +0 cloak
rCorr    .         Harm     .   (no gloves)
MR       .....                  (no boots)
Stlth    ..........             q - amulet of regeneration
HPRegen  0.64/turn              N - +6 ring of intelligence
MPRegen  0.13/turn              (no ring)

@: berserk cooldown, slowed, studying Axes, very slow
A: negative energy resistance 1, electricity resistance, unbreathing,
petrification resistance, rot immunity, AC +9
a: Wall Jump, Serpent's Lash, Renounce Religion


You were on level 13 of the Dungeon.
You worshipped Wu Jian.
Wu Jian was greatly pleased with you.
You were not hungry.

You visited 2 branches of the dungeon, and saw 14 of its levels.

You collected 788 gold pieces.
You spent 210 gold pieces at shops.

Inventory:

Hand Weapons
 a - a +1 war axe of electrocution
 r - a +4 flail of protection (weapon)
Missiles
 C - 6 silver javelins (quivered)
Armour
 c - a +1 kite shield (worn)
 e - a +2 helmet (worn)
 p - a +0 cloak (worn)
 x - a +0 plate armour (worn)
Jewellery
 q - an amulet of regeneration (around neck)
 L - an uncursed amulet of the acrobat
 M - an uncursed amulet of guardian spirit
 N - a +6 ring of intelligence (left hand)
Wands
 o - a wand of iceblast (21)
 u - a wand of enslavement (10)
 y - a wand of digging (9)
 B - a wand of disintegration (12)
 J - a wand of flame (27)
Scrolls
 d - 9 scrolls of remove curse
 j - 4 scrolls of identify
 k - 5 scrolls of amnesia
 m - 3 scrolls of enchant armour
 n - 2 scrolls of fear
 s - 8 scrolls of teleportation
 w - 2 scrolls of brand weapon
 I - a scroll of immolation
Potions
 g - 3 potions of ambrosia
 h - a potion of flight
 i - a potion of heal wounds
 l - 8 potions of curing
 t - 2 potions of resistance
 E - a potion of haste
 F - a potion of berserk rage
Books
 G - a manual of Axes
Miscellaneous
 D - a lightning rod (2/4)
Comestibles
 f - 21 rations


   Skills:
 + Level 12.2 Fighting
 * Level 15.5 Axes
 + Level 12.2 Armour
 + Level 4.3 Shields


You had 12 spell levels left.
You didn't know any spells.
Your spell library contained the following spells:

 Spells                   Type           Power        Failure   Level  Hunger
 Corona                   Hex            #......      100%        1    ##.....
 Freeze                   Ice            #...         100%        1    ##.....
 Sandblast                Erth           #.....       100%        1    ##.....
 Shock                    Conj/Air       #...         100%        1    ##.....
 Passwall                 Tmut/Erth      #.......     100%        2    ###....
 Frozen Ramparts          Ice            #.....       100%        3    ####...
 Ozocubu's Armour         Chrm/Ice       #.......     100%        3    ####...
 Stone Arrow              Conj/Erth      #.....       100%        3    ####...
 Hailstorm                Conj/Ice       #.......     100%        4    #####..
 Petrify                  Tmut/Erth      #.......     100%        4    #####..
 Summon Ice Beast         Ice/Summ       #.......     100%        4    #####..
 Agony                    Necr           #.......     100%        5    ######.
 Irradiate                Conj/Tmut      #.........   100%        5    ######.
 Lee's Rapid Deconstruct  Erth           #.........   100%        5    ######.
 Freezing Cloud           Conj/Ice/Air   #.........   100%        6    #######
 Hydra Form               Tmut           #.........   100%        6    #######
 Iron Shot                Conj/Erth      #.........   100%        6    #######
 Dragon Form              Tmut           #.........   100%        7    #######
 Ring of Flames           Chrm/Fire      #.........   100%        7    #######
 Discord                  Hex            #.........   100%        8    #######
 Statue Form              Tmut/Erth      Unusable     N/A         6    N/A

Dungeon Overview and Level Annotations

Branches:
Dungeon (13/15)            Temple (1/1) D:4            Lair (0/6) D:8
    Orc (0/2) D:11
 Vaults: D:13-14

Altars:
Ashenzari
Cheibriados
Dithmenos
Elyvilon
Fedhas
Gozag
Hepliaklqana
Kikubaaqudgha
Makhleb
Nemelex Xobeh
Okawaru
Qazlal
Ru
Sif Muna
Trog
Uskayaw
Vehumet
Wu Jian
Yredelemnul
Zin
The Shining One

Shops:
D:9 *   D:13 ?

Annotations:
D:2 Sigmund
D:9 2 transporters
D:12 2 transporters, Xeikkuus's ghost, journeyman MiFi
D:13 Rupert


Innate Abilities, Weirdness & Mutations

You are resistant to torment.
Your stone body is resilient. (AC +9)
You are immune to poison.
You resist negative energy. (rN+)
You are resistant to electric shocks. (rElec)
You can survive without breathing.
You are immune to petrification.
You are immune to rotting.


Message History

You feel much better. Rupert hits you but does no damage. x2
You hit Rupert.
Rupert is heavily wounded.
Rupert hits you but does no damage.
You sock Rupert!
Rupert is severely wounded.
You block Rupert's attack.
Rupert hits you with a +8 great mace of protection!!
* * * LOW HITPOINT WARNING * * *
You feel much better. You block Rupert's attack.
Rupert hits you with a +8 great mace of protection!!
* * * LOW HITPOINT WARNING * * *
You feel much better.
Rupert hits you with a +8 great mace of protection!
* * * LOW HITPOINT WARNING * * *
You feel much better.
Rupert hits you with a +8 great mace of protection!!
* * * LOW HITPOINT WARNING * * *
Rupert hits you with a +8 great mace of protection!!
You die...

...#.#......#.....#
#....#....
####.#..#'###.....#
#....#####
.....#..#.........#
#....#
........#.........# ##.#
.##.###############....'
....# ##.....#... #####
#......'. # #......# #
###### #....@.#
####....# #....@.#####
.....#..# #..........#
.##..#..########'###..#
.##.............^..# ##
.##...........###......
.##.........>...........
.##..#..................
........................


You could see Rupert (berserk).

Vanquished Creatures
  Josephine (D:12)
  3 hydras
  A centaur warrior (D:10)
  A two-headed ogre (D:8)
  An unseen horror (D:12)
  3 deep trolls (D:12)
  3 wizards
  An ugly thing (D:12)
  A wolf spider zombie (D:13)
  A deep elf mage (D:13)
  2 cyclopes
  A manticore (D:12)
  Maurice (D:12)
  2 queen bees (D:9)
  11 trolls
  A hornet (D:13)
  A hippogriff (D:10)
  2 wyverns
  A water elemental (D:12)
  14 yaks
  A yak (shapeshifter) (D:13)
  4 wraiths (D:12)
  A hungry ghost (D:11)
  2 vampire mosquitoes (D:11)
  Edmund (D:4)
  An acid dragon (D:11)
  2 water moccasins (D:7)
  7 orc warriors
  2 sky beasts
  2 black bears
  3 ice beasts
  2 eyes of draining
  7 ogres
  3 phantoms
  4 centaurs
  2 big kobolds (D:11)
  3 gnoll sergeants (D:11)
  5 bullfrogs
  2 wyvern zombies
  2 wyvern skeletons
  A scorpion (D:7)
  2 water moccasin skeletons
  40 killer bees
  14 wights
  3 electric eels (D:12)
  4 centaur zombies
  3 crimson imps
  5 jellies
  A quasit (D:11)
  14 orc wizards
  A bullfrog skeleton (D:7)
  A bullfrog zombie (D:9)
  5 hounds
  2 orc priests
  A centaur skeleton (D:7)
  3 iguanas
  6 worker ants
  A hound skeleton (D:5)
  9 gnolls
  17 adders
  5 shadow imps
  4 oozes
  An adder zombie (D:7)
  An adder skeleton (D:5)
  7 worms
  2 dart slugs
  3 leopard geckos
  43 orcs
  2 ball pythons
  3 giant cockroaches
  7 goblins
  8 hobgoblins
  15 jackals
  6 kobolds
  7 quokkas
  6 bats
  5 frilled lizards
  A leopard gecko zombie (D:5)
  A quokka skeleton (D:4)
  8 rats
376 creatures vanquished.

Notes
Turn   | Place    | Note
-------+----------+-------------------------------------------
     0 | D:1      | dorian the Gargoyle Fighter began the quest for the Orb.
     0 | D:1      | Reached XP level 1. HP: 14/14 MP: 1/1
   147 | D:1      | Reached skill level 2 in Axes
   227 | D:1      | Reached XP level 2. HP: 15/19 MP: 2/2
   713 | D:1      | Reached XP level 3. HP: 23/23 MP: 3/3
  1206 | D:2      | Found a snail-covered altar of Cheibriados.
  1327 | D:2      | Reached XP level 4. HP: 29/29 MP: 4/4
  1356 | D:2      | Reached skill level 3 in Axes
  1573 | D:2      | Noticed Sigmund
  2248 | D:3      | Reached XP level 5. HP: 33/33 MP: 5/5
  2880 | D:4      | Reached skill level 4 in Axes
  2942 | D:4      | Reached XP level 6. HP: 34/39 MP: 6/6
  3217 | D:4      | Reached skill level 5 in Armour
  3217 | D:4      | Reached XP level 7. HP: 32/44 MP: 7/7
  3465 | D:4      | Noticed Edmund
  3484 | D:4      | Killed Edmund
  3484 | D:4      | Reached skill level 5 in Fighting
  3484 | D:4      | Reached skill level 5 in Axes
  3677 | D:4      | Found a staircase to the Ecumenical Temple.
  3687 | Temple   | Entered the Ecumenical Temple
  3701 | Temple   | Became a worshipper of the Wu Jian Council
  3990 | D:5      | Entered Level 5 of the Dungeon
  4532 | D:5      | Found a hazy altar of Hepliaklqana.
  4709 | D:5      | Reached XP level 8. HP: 51/51 MP: 8/8
  4946 | D:6      | Found an opulent altar of Gozag.
  4953 | D:6      | Reached skill level 6 in Axes
  4973 | D:6      | Found a sacrificial altar of Ru.
  5056 | D:6      | Reached * piety under Wu Jian
  5885 | D:6      | Reached skill level 7 in Axes
  6259 | D:6      | Reached XP level 9. HP: 56/56 MP: 9/9
  6566 | D:7      | Reached ** piety under Wu Jian
  6673 | D:7      | Reached skill level 8 in Axes
  6905 | D:8      | Noticed a two-headed ogre
  6926 | D:8      | Killed a two-headed ogre
  6926 | D:8      | Reached skill level 9 in Axes
  6950 | D:8      | Noticed a seven-headed hydra
  6962 | D:8      | Killed a seven-headed hydra
  6962 | D:8      | Reached XP level 10. HP: 22/65 MP: 10/10
  7072 | D:8      | Found a staircase to the Lair.
  7539 | D:2      | Found a burning altar of Makhleb.
  7539 | D:2      | Noticed a green death
  7985 | D:9      | Reached skill level 10 in Axes
  8035 | D:9      | Noticed a skeletal warrior
  8036 | D:9      | Found an ancient bone altar of Kikubaaqudgha.
  8037 | D:9      | Noticed a flayed ghost
  8096 | D:9      | Found a basalt altar of Yredelemnul.
  8099 | D:9      | Found a transporter.
  8128 | D:9      | Found a transporter.
  8176 | D:9      | Found Anomej's General Store.
  8179 | D:9      | Bought a potion of haste for 140 gold pieces
  8179 | D:9      | Bought a potion of berserk rage for 70 gold pieces
  8604 | D:9      | Reached *** piety under Wu Jian
  8994 | D:9      | Reached XP level 11. HP: 66/71 MP: 11/11
  9070 | D:10     | Entered Level 10 of the Dungeon
  9191 | D:10     | Noticed a centaur warrior
  9205 | D:10     | Killed a centaur warrior
  9205 | D:10     | Reached skill level 11 in Axes
  9320 | D:10     | Reached skill level 10 in Armour
  9488 | D:10     | Reached skill level 10 in Fighting
  9687 | D:11     | Got a crystal rapier
  9688 | D:11     | Identified the +1 rapier of Ciawofud {vorpal, rF+ rC+ rN+}
                  | (You found it on level 11 of the Dungeon)
  9770 | D:11     | Reached **** piety under Wu Jian
  9818 | D:11     | Found a staircase to the Orcish Mines.
  9982 | D:11     | Noticed a wizard
  9990 | D:11     | Killed a wizard
  9993 | D:11     | Identified the Grimoire of Dhcmrlchtdj
 10007 | D:11     | Noticed a wizard
 10007 | D:11     | Noticed a wizard
 10019 | D:11     | Killed a wizard
 10050 | D:11     | Identified Ts'ui Pên's Compendium of Forking Paths
 10057 | D:11     | Identified the Catalogue of Axaxaxas mlö
 10464 | D:11     | Reached skill level 12 in Axes
 10554 | D:10     | Identified a scroll of acquirement
 11018 | D:12     | Noticed a seven-headed hydra
 11045 | D:12     | Killed a seven-headed hydra
 11045 | D:12     | Reached XP level 12. HP: 41/79 MP: 12/12
 11210 | D:12     | Identified the +4 broad axe of Ositag {vamp, rF+ Dex+10}
 11210 | D:12     | Noticed a two-headed ogre
 11211 | D:12     | Found a bloodstained altar of Trog.
 11211 | D:12     | Identified the cursed +4 giant club of Roanicid {freeze,
                  | Str+2}
 11211 | D:12     | Noticed an ettin
 11211 | D:12     | Noticed Xeikkuus's ghost (journeyman MiFi)
 11213 | D:12     | Identified the +9 whip of Fedhas's Wrath {venom, rN+
                  | Stlth+}
 11213 | D:12     | Noticed a tengu warrior
 11243 | D:12     | Found a transporter.
 11245 | D:12     | Found a transporter.
 11388 | D:12     | Reached skill level 13 in Axes
 11516 | D:12     | Noticed Maurice
 11529 | D:12     | Killed Maurice
 11607 | D:12     | Noticed Josephine
 11630 | D:12     | Killed Josephine
 11921 | D:12     | Reached skill level 14 in Axes
 12826 | D:13     | Reached XP level 13. HP: 83/85 MP: 13/13
 12834 | D:13     | Reached skill level 15 in Axes
 13238 | D:13     | Found Icoups's Magic Scroll Shoppe.
 13707 | D:13     | Noticed Rupert
 13724 | D:13     | HP: 4/86 [Rupert/+8 great mace of protection (33)]
 13730 | D:13     | Mangled by Rupert

Illustrated notes

Levels and vault maps discovered:
D:1:      lemuel_arrival_hallway, layout_loops_corners
D:2:      minmay_chambers_of_ones, layout_loops_corners, kennysheep_slug_shrine,
          first_ration, makhleb_altar_promises_db, uniq_sigmund
D:3:      layout_rooms, nrook_uturn, minmay_fractal_squares_diagonal_5
D:4:      layout_loops_ring, temple_hall, uniq_edmund
D:5:      layout_loops_corners, lemuel_coloured_pillars_altar,
          serial_bayou_lagoon_a
D:6:      layout_layer_cave, kennysheep_little_box, old_standard_altar
D:7:      layout_loops_cross
D:8:      layout_rooms, lair_entry_dummy
D:9:      layout_basic, gammafunk_temple_of_torment, serial_shops,
          kennysheep_mini_moat, david_nohive_1, hive_lemuel
D:10:     layout_rooms
D:11:     layout_loops_corners, kennysheep_orc_monster_closet_entryway,
          bh_hangedman_babel_library
D:12:     lemuel_troll_bridge, layout_long_grid,
          gammafunk_ghost_wrathful_warriors, uniq_josephine, uniq_maurice
D:13:     layout_stronghold, serial_shops, shop, uniq_rupert
Temple:   lightli_temple_of_artemis

Skill      XL: |  1  2  3  4  5  6  7  8  9 10 11 12 13 |
---------------+----------------------------------------+-----
Axes           | 2 3 4 5 7 9 10 12 14 15 | 15.5
Armour         | 4 5 6 8 9 10 12 | 12.2
Fighting       | 4 5 6 8 9 10 11 12 | 12.2
Shields        | 4 |  4.3

Action                   |  1- 3 |  4- 6 |  7- 9 | 10-12 | 13-15 || total
-------------------------+-------+-------+-------+-------+-------++-------
Melee: War axe           |    95 |   425 |    26 |       |       ||   546
       Flail             |       |       |   413 |  1161 |   133 ||  1707
Invok: Lunge             |       |       |    14 |    40 |     5 ||    59
       Whirlwind         |       |       |       |    27 |    22 ||    49
       Serpent's Lash    |       |       |       |     8 |     4 ||    12
 Abil: Wall Jump         |       |       |       |     7 |     6 ||    13
Evoke: Wand              |       |       |     3 |     5 |       ||     8
       Lightning rod     |       |       |       |     4 |     2 ||     6
  Use: Scroll            |       |     7 |     6 |     7 |     2 ||    22
       Potion            |       |       |     1 |       |     6 ||     7
  Eat: Chunk             |     1 |     8 |    13 |    15 |     3 ||    40
       Ration            |       |       |       |     5 |       ||     5
Armor: Scale mail        |    50 |   257 |   124 |       |       ||   431
       Plate armour      |       |       |   193 |   973 |    88 ||  1254
Dodge: Dodged            |    24 |   161 |    87 |   220 |    19 ||   511
Block: Kite shield       |    40 |   275 |   252 |   633 |    51 ||  1251
